 Dungeon Crawl Stone Soup version 0.22-b1-59-g0aedee7 (webtiles) character file.

95 Lilu the Skirmisher (level 4, -2/42 HPs)
             Began as a Hill Orc Monk on Aug 9, 2018.
             Slain by an orc warrior
             ... wielding a +0 war axe
              (14 damage)
             ... on level 3 of the Dungeon.
             The game lasted 00:04:23 (2002 turns).

Lilu the Skirmisher (Hill Orc Monk)                 Turns: 2002, Time: 00:04:24

Health: -2/42      AC:  7    Str: 14    XL:     4   Next: 65%
Magic:  4/4        EV: 11    Int: 10    God:
Gold:   115        SH:  0    Dex: 13    Spells: 3/3 levels left

rFire    . . .     SeeInvis .   a - +0 mace
rCold    . . .     Gourm    .   (no shield)
rNeg     . . .     Faith    .   l - +0 ring mail
rPois    .         Spirit   .   (no helmet)
rElec    .         Reflect  .   (no cloak)
rCorr    .         Harm     .   f - +1 pair of gloves
MR       .....                  (no boots)
Stlth    +.........             (no amulet)
HPRegen  0.14/turn              (no ring)
MPRegen  0.09/turn              (no ring)

@: no status effects
A: no striking features
a: no special abilities


You were on level 3 of the Dungeon.
You were hungry.

You visited 1 branch of the dungeon, and saw 3 of its levels.

You collected 115 gold pieces.

Inventory:

Hand Weapons
 a - a +0 mace (weapon)
 k - a +0 hunting sling
Missiles
 h - 19 poisoned needles
 i - 28 stones (quivered)
 p - 10 sling bullets
 q - 17 arrows
Armour
 f - a +1 pair of gloves (worn)
 l - a +0 ring mail (worn)
Scrolls
 d - a scroll of amnesia
 n - a scroll of identify
 r - a scroll of teleportation {unknown}
 t - a scroll of enchant armour {unknown}
Potions
 b - a potion of heal wounds {unknown}
 e - 2 potions of berserk rage {unknown}
 g - 2 potions of magic {unknown}
 m - 2 potions of curing {unknown}
 o - a potion of agility {unknown}
 s - a potion of flight {unknown}
 u - a potion of brilliance {unknown}
Comestibles
 c - 6 rations
 j - a chunk of flesh


   Skills:
 - Level 5.1 Fighting
 + Level 4.7 Maces & Flails
 - Level 2.4 Dodging
 - Level 1.5 Stealth


You had 3 spell levels left.
You didn't know any spells.
Your spell library was empty.

Dungeon Overview and Level Annotations

Branches:
Dungeon (3/15)

Altars:
Cheibriados


Message History

The orc warrior hits you with a war axe.
You hit the orc warrior but do no damage.
The orc warrior is lightly wounded.
The orc warrior hits you with a war axe.
An orc wizard comes into view. It is wielding a dagger.
The orc wizard shouts!
You hit the orc warrior.
The orc warrior is lightly wounded.
The orc warrior hits you with a war axe!
* * * LOW HITPOINT WARNING * * *
You see here a club.
A jackal comes into view.
The orc warrior barely misses you.
The jackal barks!
You hear a bark! 2 jackals come into view.
The jackal barely misses you.
The jackal barks!
You hit the jackal but do no damage. The jackal closely misses you. x2
The orc warrior hits you with a war axe!
You die...

#.......# ###
#.......# #).#
#.....).# #.>#
#..?..).###..#
#.....†.o.#.#
####o####...# #.#
#..####### #o#
##.......# #@#
#..#####.# #h# #.##
#.####
.#.####.######.....
.................<#
.#.h###.#########.#
##h.#..# #.# ..#.##
... .... ... ...
....


You could see an orc warrior, an orc wizard and 3 jackals.

Vanquished Creatures
  An iguana (D:3)
  2 adders
  2 oozes (D:2)
  2 worms (D:2)
  2 leopard geckos
  A giant cockroach (D:2)
  6 goblins
  3 hobgoblins
  A quokka (D:2)
  A ball python (D:2)
  4 bats
  3 frilled lizards
  6 kobolds
  3 rats (D:2)
37 creatures vanquished.

Notes
Turn   | Place    | Note
-------+----------+-------------------------------------------
     0 | D:1      | Lilu the Hill Orc Monk began the quest for the Orb.
     0 | D:1      | Reached XP level 1. HP: 19/19 MP: 1/1
   204 | D:1      | Reached skill level 4 in Fighting
   329 | D:1      | Reached XP level 2. HP: 16/27 MP: 2/2
  1062 | D:2      | Reached XP level 3. HP: 35/35 MP: 3/3
  1073 | D:2      | Reached skill level 5 in Fighting
  1651 | D:2      | Found a snail-covered altar of Cheibriados.
  1951 | D:3      | Reached XP level 4. HP: 42/42 MP: 4/4
  1987 | D:3      | Noticed an orc warrior
  2002 | D:3      | Slain by an orc warrior

Skill      XL: |  1  2  3 |
---------------+----------+-----
Fighting       | 4 5 |  5.1
Maces & Flails | 4 |  4.7
Dodging        | |  2.4
Stealth        | |  1.5

Action                   |  1- 3 |  4- 6 || total
-------------------------+-------+-------++-------
Melee: Mace              |   123 |    19 ||   142
  Use: Scroll            |     4 |       ||     4
 Stab: Sleeping          |     2 |       ||     2
  Eat: Chunk             |     3 |       ||     3
Armor: Robe              |     3 |       ||     3
       Ring mail         |    48 |     8 ||    56
Dodge: Dodged            |    90 |    19 ||   109
